 Dungeon Crawl Stone Soup version 0.31-a0-1009-g454b1f1e0a (webtiles) character file.

Game seed: 5182692542669423195

1024 Dirtsage the Cleaver (level 8, 0/87 HPs)
             Began as a Demonspawn Berserker on Nov 13, 2023.
             Was a Priest of Trog.
             Succumbed to a water moccasin's poison
             ... on level 7 of the Dungeon.
             The game lasted 00:04:41 (2942 turns).

Dirtsage the Cleaver (Demonspawn Berserker)         Turns: 2942, Time: 00:04:42

Health: 0/87       AC:  9    Str: 21    XL:     8   Next: 2%
Magic:  8/8        EV: 11    Int: 14    God:    Trog [***...]
Gold:   114        SH:  0    Dex: 12    Spells: 7/7 levels left

rFire   . . .        a - +0 hand axe
rCold   . . .        (no shield)
rNeg    . . .        c - +1 ring mail
rPois   .            (no helmet)
rElec   .            p - +0 cloak
rCorr   .            (no gloves)
SInv    .            (boots unavailable)
Will    .....        (no amulet) Stlth
                     o - +6 ring of intelligence
HPRegen 0.34/turn    (no ring)
MPRegen 0.11/turn

%: no passive effects
@: berserking (expiring), lethally poisoned (0 -> -10), very quick
A: hooves 3, slimy green scales 1, demonic magic 2
a: Renounce Religion, Berserk, Trog's Hand


You were on level 7 of the Dungeon.
You worshipped Trog.
Trog was most pleased with you.
You visited 1 branch of the dungeon, and saw 5 of its levels.

You collected 114 gold pieces.

Inventory:

Hand Weapons
 a - a +0 hand axe (weapon)
Armour
 b - a +0 animal skin
 c - a +1 ring mail (worn)
 p - a +0 cloak (worn)
Jewellery
 o - a +6 ring of intelligence (left hand)
Wands
 j - a wand of flame (25)
Scrolls
 e - 2 scrolls of vulnerability
 h - a scroll of noise {unknown}
 i - a scroll of identify {unknown}
 k - a scroll of revelation {unknown}
 l - a scroll of poison {unknown}
Potions
 d - 2 potions of might {unknown}
 f - a potion of ambrosia {unknown}
 g - a potion of berserk rage {unknown}
 m - 3 potions of lignification {unknown}
 n - a potion of haste {unknown}


   Skills:
 - Level 3.0 Fighting
 + Level 9.0 Axes
 - Level 1.7 Armour
 - Level 1.7 Dodging


You had 7 spell levels left.
You didn't know any spells.
Your spell library contained the following spells:

 Spells                   Type           Power      Damage    Failure   Level
 Foxfire                  Conj/Fire      0%         2x1d4     43%         1
 Sublimation of Blood     Necr           0%         N/A       56%         2
 Wereblood                Tmut           0%         N/A       56%         2
 Plasma Beam              Fire/Air       0%         2x1d10    100%        6
 Starburst                Conj/Fire      0%         6d3       100%        6
 Summon Hydra             Summ           0%         N/A       100%        7


Dungeon Overview and Level Annotations

Branches:
Dungeon (4/15)
 Temple: D:4-7

Altars:
Dithmenos
Gozag
Nemelex Xobeh
Wu Jian

Shops:
D:2 *


Innate Abilities, Weirdness & Mutations

You have hooves in place of feet.
You are partially covered in slimy green scales. (AC +2)
Spells you cast may paralyse nearby enemies.


Message History

* * * LOW HITPOINT WARNING * * *
You feel very sick. The bullfrog barely misses you.
The water moccasin bites you but does no damage.
You take 2 damage, and have 13/78 hp.
You closely miss the water moccasin. Your kick misses the water moccasin.
The water moccasin is severely wounded.
You closely miss the bullfrog.
* * * LOW HITPOINT WARNING * * *
You feel very sick. The bullfrog barely misses you.
You take 3 damage, and have 10/78 hp.
You slash the water moccasin!
You kill the water moccasin!
Trog accepts your kill.
You slash the bullfrog!
* * * LOW HITPOINT WARNING * * *
You feel sick. The bullfrog hits you.
* * * LOW HITPOINT WARNING * * *
Your Axes skill increases to level 9!
You have reached level 8!
You feel stronger.
Your demonic ancestry asserts itself...
Your magic grows more menacing.
You take 6 damage, and have 4/87 hp.
MP restored: 8 You barely miss the bullfrog.
The bullfrog is heavily wounded.
* * * LOW HITPOINT WARNING * * *
You feel sick.
The bullfrog hits you but does no damage.
You take 1 damage, and have 3/87 hp.
You barely miss the bullfrog. Your kick misses the bullfrog.
The bullfrog is heavily wounded.
* * * LOW HITPOINT WARNING * * *
You feel sick.
You take 2 damage, and have 1/87 hp.
You slash the bullfrog! You kick the bullfrog.
You kill the bullfrog!
Trog accepts your kill.
You die...

... .## ..# ..#
..# .$. #.# .<.
#######.##.#
>..........#.#
#.......†...#
#.@†..# #†###..#.
#..# #.# .... #..#
#.## ..# . ## #..#
#$.#..# #.. ..#
#....# ..#
#.###.#.##..#
#.#####.##.......#
.##
#..........(......
.. .


There were no monsters in sight!

Vanquished Creatures
  Sigmund (D:4)
  A steam dragon (D:7)
  2 water moccasins (D:7)
  A bullfrog (D:7)
  A scorpion (D:4)
  3 howler monkeys (D:7)
  An orc priest (D:4)
  Jessica (D:2)
  An iguana (D:4)
  Terence (D:2)
  4 gnolls (D:3)
  9 adders
  A white imp (D:7)
  3 worms (D:2)
  2 dart slugs
  4 orcs
  11 bats
  8 endoplasms
  2 giant cockroaches
  5 goblins
  6 hobgoblins
  5 jackals (D:2)
  6 kobolds
  4 quokkas
  8 ball pythons
  4 frilled lizards
  8 rats
103 creatures vanquished.

Notes
Turn   | Place    | Note
-------+----------+-------------------------------------------
     0 | D:1      | Dirtsage the Demonspawn Berserker began the quest for the
                  | Orb.
     0 | D:1      | Reached XP level 1. HP: 18/18 MP: 1/1
    51 | D:1      | Reached skill level 3 in Axes
   163 | D:1      | Gained mutation: You have large cloven feet. [demonic
                  | ancestry]
   163 | D:1      | Reached XP level 2. HP: 24/24 MP: 2/2
   481 | D:1      | Reached ** piety under Trog
   587 | D:1      | Reached XP level 3. HP: 29/29 MP: 3/3
   828 | D:2      | Reached skill level 4 in Axes
  1018 | D:2      | Found Ruqyzaji's Assorted Antiques.
  1034 | D:2      | Noticed Terence
  1042 | D:2      | Killed Terence
  1043 | D:2      | Gained mutation: You have hoof-like feet. [demonic
                  | ancestry]
  1043 | D:2      | Reached XP level 4. HP: 30/35 MP: 4/4
  1353 | D:2      | Noticed Jessica
  1365 | D:2      | Killed Jessica
  1366 | D:2      | Reached skill level 5 in Axes
  1455 | D:2      | Gained mutation: You have hooves in place of feet. [demonic
                  | ancestry]
  1455 | D:2      | Reached XP level 5. HP: 41/41 MP: 5/5
  1910 | D:3      | Found a shadowy altar of Dithmenos.
  2037 | D:3      | Reached *** piety under Trog
  2206 | D:3      | Reached skill level 6 in Axes
  2276 | D:3      | Found an ornate altar of the Wu Jian Council.
  2366 | D:4      | Noticed Sigmund
  2373 | D:4      | Killed Sigmund
  2374 | D:4      | Gained mutation: Spells you cast may paralyse adjacent
                  | enemies. [demonic ancestry]
  2374 | D:4      | Reached XP level 6. HP: 30/47 MP: 6/6
  2378 | D:4      | Reached skill level 7 in Axes
  2554 | D:4      | Gained mutation: You are partially covered in slimy green
                  | scales. (AC +2) [demonic ancestry]
  2554 | D:4      | Reached XP level 7. HP: 50/52 MP: 7/7
  2724 | D:4      | Found an opulent altar of Gozag.
  2724 | D:4      | Found a sparkling altar of Nemelex Xobeh.
  2762 | D:4      | You fall into a shaft and drop 3 floors!
  2799 | D:7      | Noticed a steam dragon
  2807 | D:7      | Killed a steam dragon
  2808 | D:7      | Reached skill level 8 in Axes
  2940 | D:7      | Reached skill level 9 in Axes
  2940 | D:7      | Gained mutation: Spells you cast may paralyse nearby
                  | enemies. [demonic ancestry]
  2940 | D:7      | Reached XP level 8. HP: 4/58 MP: 8/8
  2940 | D:7      | HP: 3/87 [poisoned by a water moccasin]
  2941 | D:7      | HP: 1/87 [poisoned by a water moccasin]
  2942 | D:7      | Succumbed to a water moccasin's poison

Illustrated notes

Levels and vault maps discovered:
D:1:      tarquinn_simple_flora_water_d, layout_basic
D:2:      layout_loops_ring, serial_shops, shop, minmay_increasing_density,
          uniq_terence, uniq_jessica
D:3:      layout_rooms, grunt_dithmenos_smoke, gammafunk_temple_overflow_claw
D:4:      layout_gridville, grunt_temple_overflow_opulence, skrybe_limestone_x,
          uniq_sigmund
D:7:      layout_loops_ring, mainiacjoe_overflow_boulevard,
          minmay_temple_entry_waves, amcnicky_mini_pool_small,
          chequers_serial_rivers_micro_b

Skill      XL: |  1  2  3  4  5  6  7 |
---------------+----------------------+-----
Axes           | 3 4 5 6 7 9 |  9.0
Fighting       | |  3.0
Armour         | |  1.7
Dodging        | |  1.7

Action                     |  1- 3 |  4- 6 |  7- 9 || total
---------------------------+-------+-------+-------++-------
  Melee: Hand axe          |   107 |   113 |    64 ||   284
         Kick              |    14 |    27 |    17 ||    58
         Punch             |       |     1 |     3 ||     4
 Invoke: Berserk           |     1 |     3 |     2 ||     6
    Use: Scroll            |       |     3 |       ||     3
 Armour: Animal skin       |    16 |       |       ||    16
         Ring mail         |    46 |    78 |    43 ||   167
  Dodge: Dodged            |    76 |    63 |    40 ||   179

Table legend: (Time is in decaauts)
 A = Elapsed time spent in this place.
 B = Non-inter-level travel time spent in this place.
 C = Inter-level travel time spent in this place.
 D = Time resting spent in this place.
 E = Time spent auto-exploring this place.
 F = Levels seen in this place.
 G = Mean time per level.
                   A        B        C        D        E       F      G
               +--------+--------+--------+--------+--------+-----+--------+
         Total |   2996 |   2929 |     67 |    168 |   2212 |   5 |  599.2 |
       Dungeon |   2996 |   2929 |     67 |    168 |   2212 |   5 |  599.2 |
               +--------+--------+--------+--------+--------+-----+--------+

Top non-repeatable levels by time:
     D:2: 1028 daAuts
     D:1: 805 daAuts
     D:3: 572 daAuts
     D:4: 408 daAuts
     D:7: 181 daAuts
